 Dungeon Crawl Stone Soup version 0.19.0-22-gd96e5fe (webtiles) character file.

127113 Lochraine the Warrior (level 17, -2/116 HPs)
             Began as a Gargoyle Gladiator on Nov 18, 2016.
             Was the Champion of Makhleb.
             Slain by a tyrant leech (17 damage)
             ... on level 4 of the Swamp on Nov 19, 2016.
             The game lasted 01:49:12 (24974 turns).

Lochraine the Warrior (Gargoyle Gladiator)         Turns: 24974, Time: 01:49:13

Health: -2/116     AC: 42    Str: 27    XL:     17   Next: 0%
Magic:  27/28      EV:  6    Int: 11    God:    Makhleb [******]
Gold:   1942       SH: 11    Dex: 12    Spells: 4 memorised, 19 levels left

rFire  + + +     SeeInvis .     i - +3 whip (elec)
rCold  . . .     Gourm    .     C - +5 chain mail of Gyeclot {rF+ rC+}
rNeg   + . .     Faith    .     t - +0 shield
rPois  ∞         Spirit   .     c - +2 helmet
rElec  +         Reflect  .     u - +2 cloak
rCorr  +         Harm     .     n - +0 pair of gloves
MR     +....                    z - +2 pair of boots "Wuhuabep" {rF+}
Stlth  ..........               T - amulet of regeneration
                                q - ring of resist corrosion
                                w - ring of fire

@: mighty, grasped by roots, very slightly contaminated, hasted, very quick
A: big wings, negative energy resistance 1, electricity resistance, unbreathing,
petrification resistance, rot immunity, AC +12
a: Fly, Minor Destruction, Lesser Servant of Makhleb, Major Destruction, Greater
Servant of Makhleb, Renounce Religion


You were on level 4 of the Swamp.
You worshipped Makhleb.
Makhleb was exalted by your worship.
You were not hungry.

You visited 4 branches of the dungeon, and saw 26 of its levels.
You also visited: Volcano.

You collected 1942 gold pieces.

Inventory:

Hand Weapons
 i - a +3 whip of electrocution (weapon)
Armour
 c - a +2 helmet (worn)
 n - a +0 pair of gloves (worn)
 t - a +0 shield (worn)
 u - a +2 cloak (worn)
 z - the +2 pair of boots "Wuhuabep" (worn) {rF+}
   (You found it on level 2 of the Swamp)

   It protects you from fire.
 C - the +5 chain mail of Gyeclot (worn) {rF+ rC+}
   (You found it on level 1 of the Swamp)

   It protects you from fire.
   It protects you from cold.
 L - a +0 buckler
Jewellery
 o - an uncursed ring of ice
 q - a ring of resist corrosion (right hand)
 w - a ring of fire (left hand)
 F - an uncursed ring of see invisible
 T - an amulet of regeneration (around neck)
Wands
 b - a wand of digging (17/24)
 l - a wand of paralysis (1/24)
 p - a wand of iceblast (0/15)
 s - a wand of teleportation (0/9)
 v - a wand of iceblast (10/15)
 D - a wand of hasting (1/9)
 I - a wand of lightning (5/15)
 O - a wand of teleportation (4/9)
 U - a wand of lightning (3/15)
Scrolls
 d - a scroll of fog
 g - 5 scrolls of recharging
 h - 13 scrolls of remove curse
 m - 2 scrolls of magic mapping
 y - a scroll of enchant armour
 B - a scroll of brand weapon {unknown}
 J - a scroll of holy word
 K - 3 scrolls of identify
 P - 4 scrolls of teleportation
 Q - 7 scrolls of enchant weapon
 Z - a scroll of torment {unknown}
Potions
 e - 9 potions of curing
 k - a potion of cure mutation
 r - a potion of experience {unknown}
 A - 2 potions of haste
 G - a potion of might
 H - 3 potions of agility
 N - a potion of cancellation
 R - 3 potions of brilliance
 S - 6 potions of flight
 V - 3 potions of magic
 W - a potion of resistance
Comestibles
 a - a chunk of flesh
 f - 15 bread rations
 j - 19 fruits
 x - 8 beef jerkies
 E - 19 meat rations


   Skills:
 + Level 16.6 Fighting
 - Level 11.8(12.0) Maces & Flails
   Level 3.3(8.4) Staves
 - Level 1.7 Throwing
 - Level 12.4 Armour
 - Level 4.6 Dodging
 + Level 6.6 Shields
 - Level 5.9 Spellcasting
 - Level 6.8 Hexes
 - Level 4.0 Necromancy
 - Level 4.3 Translocations
 + Level 14.7 Invocations
 + Level 1.3 Evocations


You had 19 spell levels left.
You knew the following spells:

 Your Spells              Type           Power        Failure   Level  Hunger
a - Apportation           Tloc           ##........   43%         1    None
b - Confuse               Hex            ###.....     47%         3    ###....
c - Animate Skeleton      Necr           N/A          56%         1    None
d - Lesser Beckoning      Tloc           ##........   95%         3    ###....


Dungeon Overview and Level Annotations

Branches:
Dungeon (15/15)            Temple (1/1) D:7            Lair (6/6) D:8
  Swamp (4/4) Lair:3        Snake (0/4) Lair:2        Slime (0/5) Lair:5
    Orc (0/2) D:9          Vaults (0/5) D:14         Depths (0/5) D:15

Altars:
Ashenzari
Cheibriados
Dithmenos
Elyvilon
Fedhas
Gozag
Hepliaklqana
Kikubaaqudgha
Makhleb
Nemelex Xobeh
Okawaru
Qazlal
Ru
Sif Muna
Trog
Uskayaw
Vehumet
Xom
Yredelemnul
Zin
The Shining One

Shops:
D:8 %   D:9 [   D:11 *   D:12 *

Annotations:
Lair:3 exclusion: oklob plant


Innate Abilities, Weirdness & Mutations

You are resistant to torment.
Your stone body is resilient. (AC +12)
You are immune to poison.
Your large and strong wings let you fly indefinitely.
You resist negative energy. (rN+)
You are resistant to electric shocks. (rElec)
You can survive without breathing.
You are immune to petrification.
You are immune to rotting.


Message History

The swamp dragon barely misses you.
The swamp dragon tramples you but does no damage.
Your balrug gestures at the swamp dragon.
The swamp dragon is smitten.
The insubstantial wisp hits you but does no damage.
The tyrant leech is engulfed in a cloud of scalding steam.
The tyrant leech bites your balrug!
Your balrug dies!
A demon appears!
Roots rise up to grasp you, but you nimbly evade.
You whack the swamp dragon!
There is a sudden explosion of sparks!
The swamp dragon is severely wounded.
Roots rise up from beneath you and drag you back to the ground.
The swamp dragon bites you.
* * * LOW HITPOINT WARNING * * *
You block the swamp dragon's attack.
The swamp dragon tramples you but does no damage.
The insubstantial wisp hits you but does no damage.
The tyrant leech bites you!
You die...

.≈≈≈≈≈≈ ♣♣♣≈♣ ♣...♣≈
.§≈≈≈≈≈ ♣.≈≈.♣♣≈≈♣≈.
....≈.≈ ♣.≈≈≈≈.....≈≈
.≈.....♣ ♣♣.≈≈≈≈...≈≈§≈
≈≈≈..D.≈ ♣.≈≈≈..≈≈≈≈≈.≈
≈≈≈≈≈w)≈♣♣♣♣..≈.♣♣.≈≈≈...
....v≈†§f♣♣≈≈≈≈.≈≈≈≈..≈♣≈
..≈♣≈≈§)w♣..≈≈..≈≈≈§.♣♣♣♣
.≈.≈≈≈≈v@D≈≈≈≈.♣.≈≈.♣♣♣♣♣
♣...≈≈≈≈≈≈≈≈≈≈.♣♣..≈♣♣≈≈.
♣♣.≈≈≈≈2≈§≈≈≈≈.≈♣♣.♣♣.≈≈≈
♣♣.≈≈≈≈≈≈≈≈≈≈≈♣♣♣≈≈≈≈§≈§
♣♣♣♣..≈≈≈≈..§≈≈≈♣ ♣≈≈≈≈≈≈≈
♣...♣......≈≈..♣♣ ♣♣.≈≈§..
≈.≈≈≈.≈....♣♣♣♣≈≈♣♣≈.≈≈≈.≈
.≈≈..≈≈≈....♣♣♣≈§.≈..≈≈≈..
.≈≈..≈≈≈.≈≈≈≈♣≈.≈≈.♣♣....≈


You could see a shambling mangrove, a four-headed hydra, a swamp dragon, 2
tyrant leeches, 2 insubstantial wisps and a friendly green death.

Vanquished Creatures
  Jorgrun (Swamp:2)
  A ghoul (D:14)
  Nessos (D:13)
  Azrael (D:13)
  Josephine (D:13)
  A ghost crab (Swamp:4)
  9 hydras
  A catoblepas (Lair:6)
  The ghost of TatsumakiMagi the Spear-Bearer, a novice OgFE of Elyvilon (Lair:1)
  2 vault guards (D:14)
  2 centaur warriors
  6 alligators
  5 death yaks
  3 ogre magi
  2 tengu warriors (D:15)
  2 skeletal warriors
  An unseen horror (shapeshifter) (D:15)
  A spriggan druid (Swamp:2)
  3 shambling mangroves
  5 swamp dragons
  2 unseen horrors
  A lindwurm (Volcano)
  2 wolf spider zombies (D:14)
  6 wizards
  2 necromancers (D:14)
  5 hill giants
  3 deep elf magi
  8 ugly things
  3 manticores
  4 cyclopes
  Joseph (D:7)
  2 black mambas
  21 elephants
  The ghost of hangover the Digger, a novice GrEE of Sif Muna (D:8)
  Psyche (D:8)
  A molten gargoyle (Volcano)
  A naga mage (D:15)
  3 gargoyles
  4 centaur skeletons
  2 kobold demonologists
  12 spiny frogs
  A rime drake (Lair:6)
  2 efreet (D:15)
  4 yaktaurs (D:15)
  A guardian mummy (D:13)
  3 komodo dragons
  3 polar bears (Lair:6)
  4 tyrant leeches
  6 two-headed ogres (D:15)
  15 hornets
  6 trolls
  27 blink frogs
  10 hippogriffs
  Prince Ribbit (D:8)
  4 slime creatures
  6 bog bodies
  11 dream sheep (Lair:6)
  A meliai zombie (D:14)
  A redback (Lair:6)
  Sigmund (D:3)
  6 wraiths
  A tarantella (shapeshifter) (D:12)
  14 spriggans
  A vampire (D:9)
  A steam dragon (Volcano)
  8 fire bats (Volcano)
  4 basilisks
  4 wyverns
  36 yaks
  2 fire elementals (D:13)
  17 humans (D:14)
  16 vampire mosquitoes
  A hungry ghost (D:7)
  Grum (D:10)
  Edmund (D:5)
  Menkaure (D:6)
  A mottled dragon (D:14)
  3 insubstantial wisps (Swamp:3)
  11 swamp worms
  13 water moccasins
  A soldier ant (D:12)
  10 porcupines
  4 hell hounds
  2 hornet zombies (D:14)
  3 sky beasts
  8 swamp drakes
  8 orc warriors
  3 ice beasts
  6 black bears
  13 ogres
  A necrophage (D:13)
  7 boggarts
  30 wolves
  14 centaurs
  2 big kobolds
  4 crocodiles
  Blork the orc (D:6)
  A gnoll sergeant (D:9)
  19 bullfrogs
  A wyvern zombie (D:6)
  4 scorpions
  26 killer bees
  11 wights
  4 electric eels (D:11)
  2 howler monkeys
  7 centaur zombies
  8 crimson imps
  3 hounds
  5 lava snakes (Volcano)
  3 bullfrog zombies
  5 jellies
  15 orc wizards
  5 orc priests
  Jessica (D:3)
  5 iguanas
  7 worker ants
  3 hound zombies
  A hound skeleton (D:4)
  3 mummies (D:14)
  15 gnolls
  An adder (shapeshifter) (D:15)
  16 adders
  A shadow imp (D:8)
  3 oozes (Lair:5)
  An adder zombie (D:6)
  2 adder skeletons (D:4)
  A worm (D:2)
  3 dart slugs
  11 leopard geckos
  44 orcs
  A ball python (D:6)
  5 giant cockroaches
  5 goblins
  12 hobgoblins
  9 jackals
  4 quokkas
  9 bats
  4 frilled lizards
  15 kobolds
  5 rats
  A briar patch (Swamp:3)
807 creatures vanquished.

Vanquished Creatures (collateral kills)
  Frances (Swamp:1)
  A thorn hunter (Swamp:3)
  Snorg (D:11)
  A hydra (Swamp:2)
  A death yak (Lair:3)
  An alligator (Swamp:2)
  A fire crab (Volcano)
  A spriggan druid (Swamp:4)
  2 swamp dragons
  A shambling mangrove (Swamp:2)
  A molten gargoyle (Volcano)
  A tyrant leech (Swamp:4)
  2 hornets (Swamp:2)
  2 blink frogs (Swamp:2)
  4 spriggans
  A yak (Lair:3)
  A swamp worm (Swamp:1)
  A vampire mosquito (Swamp:3)
  An insubstantial wisp (Swamp:3)
  A wolf (Lair:6)
26 creatures vanquished.

Vanquished Creatures (others)
  A hornet (Swamp:3)
  A wight (D:13)
  2 orcs
  6 fungi
  A plant (Lair:6)
  3 withered plants (D:14)
14 creatures vanquished.

Grand Total: 847 creatures vanquished

Notes
Turn   | Place    | Note
-------+----------+-------------------------------------------
     0 | D:1      | Lochraine the Gargoyle Gladiator began the quest for the Orb.
     0 | D:1      | Reached XP level 1. HP: 12/12 MP: 1/1
   116 | D:1      | Reached XP level 2. HP: 18/18 MP: 2/2
   387 | D:1      | Reached XP level 3. HP: 22/22 MP: 3/3
   574 | D:1      | Reached skill level 1 in Maces & Flails
   658 | D:2      | Found a faded altar of an unknown god.
  1175 | D:2      | Reached XP level 4. HP: 21/27 MP: 4/4
  1437 | D:3      | Noticed a black bear
  1657 | D:4      | Reached skill level 3 in Fighting
  1657 | D:4      | Reached skill level 1 in Armour
  1773 | D:4      | Reached XP level 5. HP: 22/32 MP: 5/5
  1991 | D:3      | Noticed Sigmund
  2009 | D:3      | Killed Sigmund
  2009 | D:3      | Reached skill level 4 in Fighting
  2009 | D:3      | Reached XP level 6. HP: 28/38 MP: 6/6
  2257 | D:3      | Reached XP level 7. HP: 30/43 MP: 7/7
  2450 | D:3      | Reached skill level 5 in Maces & Flails
  2494 | D:3      | Noticed Jessica
  2505 | D:3      | Killed Jessica
  2638 | D:3      | Found a glowing golden altar of the Shining One.
  2822 | D:4      | Got a crude hand axe
  2933 | D:4      | Found a radiant altar of Vehumet.
  3155 | D:4      | Identified the +4 hand axe "Leviticus" {freeze, rC+} (You found it on level 4 of the Dungeon)
  3268 | D:4      | Reached skill level 5 in Fighting
  3268 | D:4      | Reached XP level 8. HP: 36/49 MP: 8/8
  3349 | D:5      | Entered Level 5 of the Dungeon
  3576 | D:5      | Found a sacrificial altar of Ru.
  3657 | D:5      | Noticed Edmund
  3670 | D:5      | Killed Edmund
  4058 | D:5      | Reached skill level 5 in Armour
  4357 | D:5      | Found an ancient bone altar of Kikubaaqudgha.
  4651 | D:6      | Reached skill level 6 in Fighting
  4667 | D:6      | Reached XP level 9. HP: 52/55 MP: 9/9
  4685 | D:6      | Noticed Blork the orc
  4709 | D:6      | Killed Blork the orc
  4816 | D:6      | Found a sparkling altar of Nemelex Xobeh.
  4977 | D:6      | Noticed Menkaure
  5316 | D:6      | Killed Menkaure
  5316 | D:6      | Reached skill level 7 in Fighting
  5811 | D:7      | Found a deep blue altar of Sif Muna.
  5868 | D:7      | Noticed Joseph
  5878 | D:7      | Killed Joseph
  5878 | D:7      | Reached XP level 10. HP: 49/64 MP: 10/10
  6015 | D:7      | Reached skill level 8 in Fighting
  6015 | D:7      | Reached skill level 10 in Maces & Flails
  6048 | D:7      | Found a staircase to the Ecumenical Temple.
  6225 | Temple   | Entered the Ecumenical Temple
  6317 | Temple   | Became a worshipper of Makhleb the Destroyer
  6524 | D:8      | Noticed hangover's ghost (novice GrEE)
  6715 | D:8      | Found a staircase to the Lair.
  6794 | D:8      | Reached skill level 1 in Invocations
  7064 | D:8      | Noticed Psyche
  7083 | D:8      | Killed Psyche
  7120 | D:8      | Reached * piety under Makhleb
  7149 | D:8      | Killed hangover's ghost
  7517 | D:8      | Found Riohojil's Food Boutique.
  7578 | D:8      | Noticed Prince Ribbit
  7616 | D:8      | Killed Prince Ribbit
  7887 | D:9      | Reached XP level 11. HP: 50/69 MP: 13/13
  7997 | D:9      | Reached skill level 9 in Fighting
  8159 | D:9      | Found a staircase to the Orcish Mines.
  8200 | D:9      | Reached ** piety under Makhleb
  8350 | D:9      | Found Ipnus's Antique Armour Boutique.
  8823 | D:10     | Entered Level 10 of the Dungeon
  9275 | D:10     | Learned a level 1 spell: Apportation
  9474 | D:10     | Reached skill level 1 in Spellcasting
  9474 | D:10     | Reached skill level 1 in Translocations
  9600 | D:11     | Noticed Snorg
  9808 | D:11     | Noticed Grum
  9869 | D:10     | Killed Grum
  9906 | D:11     | Noticed a purple ugly thing
  9914 | D:11     | Killed a purple ugly thing
  9932 | D:11     | Reached *** piety under Makhleb
  9994 | D:11     | Noticed a cyclops
 10022 | D:11     | Killed a cyclops
 10171 | D:11     | Found a shattered altar of Ashenzari.
 10180 | D:11     | Noticed a deep elf mage
 10198 | D:11     | Killed a deep elf mage
 10435 | D:11     | Noticed a manticore
 10448 | D:11     | Killed a manticore
 10468 | D:11     | Reached XP level 12. HP: 76/76 MP: 18/18
 10543 | D:11     | Found Jaolou's General Store.
 10603 | D:11     | Reached skill level 5 in Invocations
 10672 | D:11     | Killed Snorg
 11067 | Lair:1   | Entered Level 1 of the Lair of Beasts
 11337 | Lair:1   | Learned a level 3 spell: Confuse
 11554 | Lair:1   | Noticed TatsumakiMagi's ghost (novice OgFE)
 11569 | Lair:1   | Killed TatsumakiMagi's ghost
 11569 | Lair:1   | Reached skill level 1 in Hexes
 11717 | Lair:1   | Reached skill level 5 in Spellcasting
 12253 | Lair:2   | Found a staircase to the Snake Pit.
 12634 | Lair:3   | Reached **** piety under Makhleb
 12787 | Lair:3   | Reached skill level 5 in Hexes
 13133 | Lair:3   | Noticed a death yak
 13148 | Lair:3   | Noticed a death yak
 13157 | Lair:3   | Noticed a death yak
 13163 | Lair:3   | Killed a death yak
 13163 | Lair:3   | Reached XP level 13. HP: 82/82 MP: 17/21
 13174 | Lair:3   | Reached skill level 10 in Fighting
 13471 | Lair:3   | Found a staircase to the Swamp.
 13478 | Lair:3   | Reached skill level 11 in Fighting
 13744 | Lair:3   | Reached skill level 12 in Fighting
 14058 | Lair:4   | Found a dark tunnel.
 14066 | Volcano  | Entered a volcano
 14249 | Volcano  | Found a bloodstained altar of Trog.
 14942 | Lair:4   | Reached skill level 13 in Fighting
 15106 | Lair:4   | Found a hide-covered altar of Uskayaw.
 15175 | Lair:4   | Reached ***** piety under Makhleb
 15333 | Lair:5   | Identified a scroll of acquirement
 15369 | Lair:5   | Gained mutation: Your large and strong wings let you fly indefinitely. [Gargoyle growth]
 15369 | Lair:5   | Reached XP level 14. HP: 94/94 MP: 22/22
 15425 | Lair:5   | Reached skill level 10 in Invocations
 15537 | Lair:5   | Found a staircase to the Slime Pits.
 15910 | Lair:6   | Entered Level 6 of the Lair of Beasts
 15976 | Lair:6   | Learned a level 1 spell: Animate Skeleton
 16143 | Lair:6   | Reached skill level 1 in Necromancy
 16564 | Lair:6   | Reached skill level 14 in Fighting
 16758 | Lair:6   | Reached skill level 1 in Shields
 16814 | Lair:6   | Got an ancient long sword
 16816 | Lair:6   | Identified the +2 long sword of Ambiguity {flame, Str+6 Int-4 SInv Stlth+} (You found it on level 6 of the Lair of Beasts)
 17199 | Lair:6   | Reached ****** piety under Makhleb
 17332 | Lair:6   | Reached skill level 10 in Armour
 18518 | D:12     | Found Paptunk's Assorted Antiques.
 18533 | D:12     | Learned a level 3 spell: Lesser Beckoning
 18855 | D:13     | Noticed Azrael
 18983 | D:13     | Noticed Nessos
 18983 | D:13     | Noticed Josephine
 18997 | D:13     | Killed Nessos
 18997 | D:13     | Reached XP level 15. HP: 87/101 MP: 23/23
 19003 | D:13     | Killed Josephine
 19396 | D:13     | Killed Azrael
 19946 | D:14     | Noticed a fire giant
 20146 | D:14     | Noticed a ghoul
 20194 | D:14     | Noticed an Executioner
 20236 | D:14     | Reached skill level 15 in Fighting
 20312 | D:14     | Killed a ghoul
 20558 | D:14     | Found a bloodstained altar of Trog.
 20658 | D:14     | Found a gate to the Vaults.
 20854 | D:15     | Entered Level 15 of the Dungeon
 21311 | D:15     | Reached XP level 16. HP: 108/108 MP: 25/25
 21394 | D:15     | Found a staircase to the Depths.
 22138 | Swamp:1  | Entered Level 1 of the Swamp
 22449 | Swamp:1  | Got a fine chain mail
 22461 | Swamp:1  | Identified the +5 chain mail of Gyeclot {rF+ rC+} (You found it on level 1 of the Swamp)
 22501 | Swamp:1  | Noticed Frances
 22531 | Swamp:1  | Killed Frances
 22871 | Swamp:2  | HP: 4/110 [blink frog[a spriggan druid] (18)]
 22955 | Swamp:2  | Reached skill level 16 in Fighting
 23093 | Swamp:2  | Got a pair of scorched boots
 23105 | Swamp:2  | Identified the +2 pair of boots "Wuhuabep" {rF+} (You found it on level 2 of the Swamp)
 23358 | Swamp:2  | Noticed Jorgrun
 23404 | Swamp:2  | Killed Jorgrun
 23821 | Swamp:3  | Noticed a thorn hunter
 23833 | Swamp:3  | Killed a thorn hunter
 23944 | Swamp:3  | Reached skill level 5 in Shields
 24738 | Swamp:4  | Entered Level 4 of the Swamp
 24916 | Swamp:4  | Reached skill level 1 in Evocations
 24970 | Swamp:4  | Reached XP level 17. HP: 25/116 MP: 26/28
 24974 | Swamp:4  | Slain by a tyrant leech

Skill      XL: |  1  2  3  4  5  6  7  8  9 10 11 12 13 14 15 16 |
---------------+-------------------------------------------------+-----
Maces & Flails | 2 4 6 7 9 11 | 11.8
Fighting       | 3 4 5 6 7 8 9 13 14 15 16 | 16.6
Armour         | 1 2 3 4 5 7 8 9 10 12 | 12.4
Invocations    | 3 4 7 9 11 13 14 | 14.7
Spellcasting   | 4 5 |  5.9
Translocations | 4 |  4.3
Hexes          | 6 |  6.8
Necromancy     | 3 4 |  4.0
Shields        | 4 6 |  6.6
Dodging        | 4 |  4.6
Evocations     | 1 |  1.3
Staves         | |  3.3
Throwing       | |  1.7

Action                   |  1- 3 |  4- 6 |  7- 9 | 10-12 | 13-15 | 16-18 || total
-------------------------+-------+-------+-------+-------+-------+-------++-------
Melee: Quarterstaff      |    15 |       |       |       |       |       ||    15
       Whip              |    61 |    93 |   409 |  1083 |  2202 |   892 ||  4740
       Dire flail        |       |       |       |       |    20 |       ||    20
Throw: Throwing net      |       |     2 |     1 |     1 |       |       ||     4
 Cast: Confuse           |       |       |       |     2 |       |       ||     2
       Animate Skeleton  |       |       |       |       |     2 |       ||     2
Invok: Minor Destruction |       |       |       |     4 |    36 |    25 ||    65
       Lesser Servant of |       |       |       |     2 |     7 |     5 ||    14
       Greater Servant o |       |       |       |       |     1 |     6 ||     7
       Major Destruction |       |       |       |       |     1 |     3 ||     4
Evoke: Wand              |       |       |     6 |     7 |    12 |    10 ||    35
       Phantom mirror    |       |       |       |     1 |       |       ||     1
  Use: Scroll            |       |     3 |     7 |    11 |    16 |     6 ||    43
       Potion            |       |     1 |     5 |     2 |     5 |     8 ||    21
 Stab: Held in net/web   |       |     2 |       |       |       |       ||     2
       Paralysed         |       |       |     7 |       |     4 |       ||    11
       Confused          |       |       |       |     3 |       |       ||     3
       Distracted        |       |       |       |       |       |     2 ||     2
  Eat: Chunk             |     1 |     3 |    14 |    24 |    20 |     4 ||    66
       Beef jerky        |       |       |     1 |       |       |       ||     1
       Pizza             |       |       |       |       |     3 |       ||     3
       Meat ration       |       |       |       |       |     1 |       ||     1
       Bread ration      |       |       |       |       |       |     2 ||     2
Armor: Leather armour    |    14 |    13 |   104 |       |       |       ||   131
       Ring mail         |    17 |    14 |    29 |   355 |   496 |       ||   911
       Skin              |       |       |   103 |       |       |       ||   103
       Plate armour      |       |       |    52 |       |       |     7 ||    59
       Robe              |       |       |       |     1 |       |       ||     1
       Chain mail        |       |       |       |       |   513 |   562 ||  1075
Dodge: Dodged            |    48 |    58 |   181 |   409 |   766 |   254 ||  1716
Block: Buckler           |       |       |       |       |   232 |    64 ||   296
       Shield            |       |       |       |       |       |   215 ||   215
